Construct Section Command Post
Selects Australian Defense Battlegroup
Selects Australian Light Infantry Section
Australian Light Infantry Section
Australian Light Infantry Section
Australian Light Infantry Section
Construct Platoon Command Post
Construct Field Infirmary
Selects CMP 15cwt Supply Run
Selects Defensive Tactics
6-pounder Anti-tank Gun Team
Construct Company Command Post
Selects Reinforced Resource Caches
Unlock M3 Grant Medium Tanks
Selects Charged Creeping Barrage
Australian Light Infantry Section
Australian Light Infantry Section
Australian Light Infantry Section